 Dungeon Crawl Stone Soup version 0.24.1-1-gd1d2a07e1b (webtiles) character file.

Game seed: 14912861608242596756, levelgen mode: deterministic

25622 MajorAdolf the Covert (level 13, 0/121 HPs)
             Began as a Naga Wanderer on Apr 7, 2020.
             Was an Initiate of Gozag.
             Slain by Saint Roka
             ... wielding a +0 glaive
              (26 damage)
             ... on level 2 of the Orcish Mines.
             The game lasted 00:54:30 (24876 turns).

MajorAdolf the Covert (Naga Wanderer)              Turns: 24876, Time: 00:54:31

Health: 0/121      AC: 17    Str: 19    XL:     13   Next: 20%
Magic:  19/19      EV:  8    Int: 12    God:    Gozag
Gold:   722        SH:  4    Dex: 12    Spells: 12/12 levels left

rFire    . . .     SeeInvis +   G - +5 war axe (freeze)
rCold    + . .     Gourm    .   K - +0 buckler
rNeg     + . .     Faith    .   H - +2 chain mail {rC+}
rPois    +         Spirit   .   j - +0 helmet
rElec    .         Reflect  .   l - +0 cloak
rCorr    .         Harm     .   m - +0 pair of gloves
MR       +....                  (no barding)
Stlth    ++........             i - amulet of the acrobat
HPRegen  0.30/turn              B - ring of positive energy
MPRegen  0.16/turn              g - +2 ring of slaying

@: gold aura, very slow
A: large, see invisible, deformed body, poison resistance, slowness 2, slow
metabolism 1, spit poison 1, constrict 1, AC +4
a: Spit Poison, Potion Petition, Call Merchant, Bribe Branch, Renounce Religion


You were on level 2 of the Orcish Mines.
You worshipped Gozag.
Gozag was pleased with you.
You were not hungry.

You visited 3 branches of the dungeon, and saw 16 of its levels.

You collected 2949 gold pieces.
You spent 1317 gold pieces at shops.
You paid 910 gold pieces to Gozag.

Inventory:

Hand Weapons
 G - a +5 war axe of freezing (weapon)
 L - a +1 antimagic war axe
Missiles
 c - 78 bolts
Armour
 j - a +0 helmet (worn)
 l - a +0 cloak (worn)
 m - a +0 pair of gloves (worn)
 H - a +2 chain mail of cold resistance (worn)
 K - a +0 buckler (worn)
Magical Staves
 A - an uncursed staff of energy
Jewellery
 g - a +2 ring of slaying (right hand)
 i - an amulet of the acrobat (around neck)
 p - an uncursed ring of ice
 B - a ring of positive energy (left hand)
 D - an uncursed amulet of regeneration
 E - an uncursed ring of positive energy
Scrolls
 b - a scroll of magic mapping
 d - 5 scrolls of teleportation
 n - 4 scrolls of remove curse
 o - 2 scrolls of blinking
 v - 2 scrolls of amnesia
 w - 3 scrolls of enchant armour
 z - 3 scrolls of torment {unknown}
 C - 2 scrolls of identify
Potions
 a - a potion of heal wounds {unknown}
 h - a potion of degeneration
 k - 3 potions of curing
 s - a potion of invisibility
 u - 3 potions of haste
 x - 2 potions of mutation
 I - a potion of ambrosia {unknown}
 J - 5 potions of brilliance
Comestibles
 f - 12 rations


   Skills:
 + Level 9.4 Fighting
 + Level 10.4 Axes
   Level 1.0 Bows
 + Level 7.5 Armour
 + Level 7.3 Dodging
 + Level 13.4 Stealth
 + Level 1.7 Shields
 + Level 8.7 Evocations


You had 12 spell levels left.
You didn't know any spells.
Your spell library contained the following spells:

 Spells                   Type           Power        Failure   Level  Hunger
 Animate Skeleton         Necr           N/A          98%         1    ##.....
 Apportation              Tloc           #.....       98%         1    ##.....
 Confusing Touch          Hex            #.....       98%         1    ##.....
 Flame Tongue             Conj/Fire      #....        98%         1    ##.....
 Summon Small Mammal      Summ           #...         98%         1    ##.....
 Poisonous Vapours        Pois/Air       #.....       99%         2    ###....
 Throw Flame              Conj/Fire      #.....       99%         2    ###....
 Conjure Flame            Conj/Fire      #.......     100%        3    ####...
 Inner Flame              Hex/Fire       #.......     100%        3    ####...
 Mephitic Cloud           Conj/Pois/Air  #.......     100%        3    ####...
 Sticky Flame             Conj/Fire      #.......     100%        4    #####..
 Fireball                 Conj/Fire      #.........   100%        5    ######.
 Freezing Cloud           Conj/Ice/Air   #.........   100%        6    #######
 Ring of Flames           Chrm/Fire      #.........   100%        7    #######


Dungeon Overview and Level Annotations

Branches:
Dungeon (13/15)            Temple (1/1) D:5            Lair (0/6) D:8
    Orc (2/2) D:10            Elf (0/3) Orc:2
 Vaults: D:13-14

Altars:
Ashenzari
Cheibriados
Dithmenos
Elyvilon
Fedhas
Gozag
Hepliaklqana
Kikubaaqudgha
Makhleb
Nemelex Xobeh
Okawaru
Qazlal
Ru
Sif Muna
Trog
Uskayaw
Vehumet
Wu Jian
Xom
Yredelemnul
Zin
The Shining One
Beogh

Shops:
D:8 [   D:10 =   D:12 =   Orc:2 [[%[

Annotations:
D:7 Prince Ribbit
D:9 exclusion: downstairs
D:10 exclusion: downstairs
D:13 Kirke
Orc:2 Saint Roka


Innate Abilities, Weirdness & Mutations

You cannot wear boots.
Your serpentine skin is tough. (AC +4)
You have supernaturally acute eyesight. (SInv)
Armour fits poorly on your strangely shaped body.
Your system is resistant to poisons. (rPois)
You cover ground very slowly.
You have a slow metabolism.
You can spit poison.
You can use your snake-like lower body to constrict enemies.


Message History

You hit Saint Roka but do no damage.
Saint Roka is moderately wounded.
Your chain mail prevents you from hitting the warg.
You closely miss the orc warrior. You constrict Saint Roka.
Saint Roka invokes the aid of Beogh against you.
Beogh smites you!
* * * LOW HITPOINT WARNING * * *
The warg bites you but does no damage.
The orc warrior hits you from afar with a +0 halberd.
* * * LOW HITPOINT WARNING * * *
You hit Saint Roka but do no damage.
Saint Roka is moderately wounded.
You hit the orc warrior but do no damage.
You slash the warg! You freeze the warg. You constrict Saint Roka.
The warg bites you but does no damage.
The orc warrior hits you from afar with a +0 glaive.
* * * LOW HITPOINT WARNING * * *
Saint Roka hits you with a +0 glaive!!
You die...
Your body crumbles into a pile of gold.

##.# ##... ... #.....$
#..###...... ........ ##
#....#...#...........
#..###....................
..........oo#.$.....#.....
.........oo<.............
#......@ho.............>
##.....$o..............#
##.$...o...............
##.....................
#......................
##.....................
###.#.................
##..................
##.................


You could see Saint Roka, a warg, 3 orc warriors and 3 orcs.

Vanquished Creatures
  Nessos (Orc:2)
  4 two-headed ogres
  A death yak (D:8)
  An unseen horror (D:10)
  An orc knight (Orc:2)
  12 orc sorcerers
  3 cyclopes
  An ugly thing (D:13)
  A gargoyle (D:10)
  A komodo dragon (D:10)
  A queen bee (D:8)
  3 trolls
  A hippogriff (shapeshifter) (D:13)
  4 hippogriffs
  A vampire (D:12)
  12 yaks
  2 wyverns
  A hungry ghost (D:8)
  Menkaure (D:6)
  6 wargs
  A water moccasin (D:6)
  11 orc warriors
  4 ice beasts
  11 ogres
  2 sky beasts
  A necrophage (D:7)
  2 phantoms
  8 centaurs
  2 crocodiles
  A big kobold (D:12)
  9 bullfrogs
  2 gnoll sergeants
  6 scorpions
  17 killer bees
  4 wights (D:6)
  5 howler monkeys
  9 crimson imps
  3 quasits
  3 centaur zombies
  8 hounds
  Crazy Yiuf (D:7)
  12 orc priests
  An iguana (D:5)
  2 centaur skeletons
  8 worker ants
  29 orc wizards
  2 hound zombies
  A hound skeleton (D:5)
  A worker ant zombie (D:8)
  16 gnolls
  19 adders
  A howler monkey skeleton (D:4)
  4 shadow imps
  4 oozes
  2 adder zombies (D:7)
  2 adder skeletons (D:6)
  4 worms
  3 dart slugs
  5 leopard geckos
  89 orcs
  14 bats
  6 giant cockroaches
  5 goblins
  7 hobgoblins
  2 jackals (D:10)
  8 kobolds
  7 quokkas
  A ball python skeleton (D:5)
  3 frilled lizards
  A giant cockroach zombie (D:5)
  A jackal skeleton (D:4)
  6 rats
  3 fungi (D:11)
437 creatures vanquished.

Vanquished Creatures (others)
  An orc wizard (Orc:2)
  An orc (Orc:2)
2 creatures vanquished.

Grand Total: 439 creatures vanquished

Notes
Turn   | Place    | Note
-------+----------+-------------------------------------------
     0 | D:1      | MajorAdolf the Naga Wanderer began the quest for the Orb.
     0 | D:1      | MajorAdolf set off with the following items: a +2 hand axe,
                  | a +0 hand crossbow, 20 bolts, a scroll of teleportation, a
                  | +0 robe, a ration
     0 | D:1      | Reached XP level 1. HP: 21/21 MP: 1/1
   139 | D:1      | Reached XP level 2. HP: 28/28 MP: 2/2
   462 | D:1      | Reached XP level 3. HP: 12/34 MP: 3/3
  1284 | D:2      | Found an iron altar of Okawaru.
  1774 | D:2      | Reached XP level 4. HP: 34/42 MP: 4/4
  1853 | D:2      | Reached skill level 5 in Axes
  1976 | D:2      | Found a shadowy altar of Dithmenos.
  2693 | D:3      | Reached XP level 5. HP: 39/49 MP: 5/5
  2851 | D:3      | Found a faded altar of an unknown god.
  3344 | D:4      | Reached skill level 2 in Stealth
  3527 | D:4      | Noticed an ogre
  3530 | D:4      | Killed an ogre
  3530 | D:4      | Reached skill level 1 in Evocations
  3530 | D:4      | Reached XP level 6. HP: 36/56 MP: 6/6
  3635 | D:4      | Reached skill level 1 in Dodging
  3635 | D:4      | Reached skill level 3 in Stealth
  3921 | D:4      | Found a snail-covered altar of Cheibriados.
  4109 | D:5      | Entered Level 5 of the Dungeon
  4557 | D:4      | Reached XP level 7. HP: 63/63 MP: 8/8
  4833 | D:5      | Found a staircase to the Ecumenical Temple.
  4893 | Temple   | Entered the Ecumenical Temple
  5246 | D:5      | Reached skill level 4 in Stealth
  6760 | D:6      | Reached XP level 8. HP: 62/72 MP: 9/9
  6841 | D:6      | Reached skill level 5 in Stealth
  6903 | D:6      | Got a faintly glowing falchion
  6904 | D:6      | Identified the +7 falchion "Jecianet" {vamp, -Tele rPois
                  | rF+ Int+3} (You found it on level 6 of the Dungeon)
  6988 | D:6      | Noticed Menkaure
  7383 | D:7      | Noticed Prince Ribbit
  7775 | D:7      | Reached skill level 6 in Stealth
  8031 | D:7      | Found a runed translucent door.
  8032 | D:7      | Noticed Crazy Yiuf
  8397 | D:7      | Reached skill level 5 in Fighting
  8571 | D:7      | Killed Crazy Yiuf
  8608 | D:8      | Reached XP level 9. HP: 71/79 MP: 11/11
  8642 | D:8      | Found the +10 zealot's sword {holy, *Rage rN+ EV+3}
  8680 | D:8      | Found Sevainul's Antique Armour Boutique.
  8793 | D:8      | Bought a runed chain mail for 202 gold pieces
  9078 | D:8      | Reached skill level 7 in Stealth
  9969 | D:8      | Noticed a death yak
 10103 | D:9      | Found a shattered altar of Ashenzari.
 10496 | D:9      | Reached skill level 8 in Stealth
 10506 | D:9      | Noticed a troll
 10513 | D:9      | Killed a troll
 10800 | D:10     | Entered Level 10 of the Dungeon
 10916 | D:10     | Noticed a two-headed ogre
 10927 | D:10     | Killed a two-headed ogre
 10927 | D:10     | Reached skill level 5 in Evocations
 10927 | D:10     | Reached XP level 10. HP: 89/89 MP: 13/13
 11463 | D:6      | Reached skill level 9 in Stealth
 11721 | D:6      | Found a shimmering blue altar of Sif Muna.
 11733 | D:6      | Killed Menkaure
 12128 | D:6      | Found a burning altar of Makhleb.
 13072 | D:8      | Found an ornate altar of the Wu Jian Council.
 13073 | D:8      | Found an ancient bone altar of Kikubaaqudgha.
 13092 | D:8      | Reached skill level 5 in Armour
 13427 | D:8      | Killed a death yak
 13427 | D:8      | Reached skill level 5 in Dodging
 13880 | D:8      | Reached skill level 10 in Stealth
 14477 | D:8      | Found a staircase to the Lair.
 14500 | D:8      | Reached XP level 11. HP: 43/100 MP: 15/15
 15043 | Temple   | Became a worshipper of Gozag Ym Sagoz the Greedy
 16688 | D:10     | Noticed an unseen horror
 16710 | D:10     | Killed an unseen horror
 16751 | D:10     | Found a staircase to the Orcish Mines.
 16936 | Orc:1    | Entered Level 1 of the Orcish Mines
 16941 | Orc:1    | Noticed an orc sorcerer
 17851 | D:10     | Found Lupet's Jewellery Boutique.
 17869 | D:10     | Bought a +2 ring of slaying for 273 gold pieces
 18536 | D:11     | Reached skill level 11 in Stealth
 18579 | D:11     | Noticed a two-headed ogre
 19402 | D:11     | Noticed a two-headed ogre
 19408 | D:11     | Killed a two-headed ogre
 19431 | D:11     | Noticed a cyclops
 19446 | D:11     | Killed a cyclops
 19543 | D:11     | Killed a two-headed ogre
 19543 | D:11     | Reached XP level 12. HP: 111/111 MP: 17/17
 19991 | D:11     | Reached skill level 12 in Stealth
 20013 | D:11     | Found the +7 Singing Sword {slice, sonic wave}
 21454 | D:13     | Noticed a two-headed ogre
 21462 | D:13     | Killed a two-headed ogre
 21608 | D:13     | Noticed Kirke
 21608 | D:13     | Noticed a rakshasa
 21612 | D:13     | Noticed a centaur warrior
 22006 | Orc:2    | Entered Level 2 of the Orcish Mines
 22252 | Orc:2    | Noticed Nessos
 22637 | Orc:2    | Killed Nessos
 22667 | Orc:2    | Reached skill level 10 in Axes
 22780 | Orc:2    | Noticed a soul eater
 23468 | Orc:2    | Found a roughly hewn altar of Beogh.
 23506 | Orc:2    | Found Fainoxt's Antique Armour Emporium.
 23654 | Orc:2    | Bought a distressingly furry chain mail for 294 gold pieces
 23654 | Orc:2    | Bought a translucent ring mail for 279 gold pieces
 23660 | Orc:2    | Found Dac Bux's Armour Shop.
 23664 | Orc:2    | Reached skill level 13 in Stealth
 23676 | Orc:2    | Gained mutation: You can use your snake-like lower body to
                  | constrict enemies. [Naga growth]
 23676 | Orc:2    | Reached XP level 13. HP: 121/121 MP: 19/19
 23688 | Orc:2    | Bought a +0 buckler for 67 gold pieces
 23920 | Orc:2    | Identified the cursed +1 chain mail of the Big Bang {-Tele
                  | rC+++ MR+ Dex+3} (You bought it in a shop on level 2 of the
                  | Orcish Mines)
 23931 | Orc:2    | Identified the +0 ring mail "Rokepn" {rPois MP+9} (You
                  | bought it in a shop on level 2 of the Orcish Mines)
 24310 | Orc:2    | Found a staircase to the Elven Halls.
 24346 | Orc:2    | Noticed Saint Roka
 24800 | Orc:2    | Found Asoy's Antique Armour Shop.
 24800 | Orc:2    | Found Momarh Xeun's Food Emporium.
 24805 | Orc:2    | Bought a runed chain mail for 202 gold pieces
 24876 | Orc:2    | Slain by Saint Roka

Levels and vault maps discovered:
D:1:      roderic_crossed_star, layout_rooms,
          hangedman_abyss_or_decor_lesser_grid
D:2:      layout_loops_corners, grunt_dithmenos_smoke, okawaru_ov_weapons_minmay
D:3:      layout_rooms, chequers_ecumenical_altar_grove, first_ration
D:4:      layout_basic, lemuel_coloured_pillars_altar
D:5:      layout_gridville, minmay_temple_entry_glass
D:6:      layout_loops_corners, lemuel_round_altar, makhleb_heckhound_becter,
          nrook_mini_vaults, uniq_menkaure
D:7:      layout_gridville, uniq_crazy_yiuf_cottage, uniq_prince_ribbit1
D:8:      layout_loops_ring, gammafunk_temple_overflow_wave, david_lair_generic,
          serial_shops, shop, david_nohive_1
D:9:      layout_loops_corners, lemuel_round_altar, corexii_checkpoint_a,
          nicolae_zen_rock_garden, minmay_misc_feat_x
D:10:     layout_stronghold, hiddenorc2_lemuel, minmay_shop_enchanted_jewellery
D:11:     old_forge, layout_basic
D:12:     layout_roguey, minmay_misc_feat_secret_circle
D:13:     layout_cave_pods, uniq_kirke
Temple:   zaba_magenta_temple
Orc:1:    layout_caves
Orc:2:    st_orc_town, layout_caves, uniq_nessos, uniq_saint_roka

Skill      XL: |  1  2  3  4  5  6  7  8  9 10 11 12 |
---------------+-------------------------------------+-----
Axes           | 4 5 6 7 8 9 10 | 10.4
Stealth        | 2 3 4 6 8 10 11 13 | 13.4
Evocations     | 1 2 3 5 6 7 8 |  8.7
Dodging        | 1 2 3 4 5 6 7 |  7.3
Armour         | 2 3 4 5 6 7 |  7.5
Fighting       | 4 5 6 7 8 9 |  9.4
Bows           | |  1.0
Shields        | |  1.7

Action                   |  1- 3 |  4- 6 |  7- 9 | 10-12 | 13-15 || total
-------------------------+-------+-------+-------+-------+-------++-------
Melee: Hand axe          |    63 |   170 |   499 |   519 |       ||  1251
       Unarmed           |       |       |     5 |       |       ||     5
       War axe           |       |       |       |   445 |    81 ||   526
       Constrict         |       |       |       |       |    20 ||    20
Invok: Call Merchant     |       |       |       |     1 |       ||     1
 Abil: Spit Poison       |    19 |    14 |    22 |    12 |       ||    67
Evoke: Wand              |       |     4 |    10 |    23 |       ||    37
  Use: Scroll            |     1 |     7 |    14 |    11 |     3 ||    36
       Potion            |       |       |       |     7 |       ||     7
 Stab: Sleeping          |       |       |     3 |     4 |       ||     7
       Distracted        |       |       |     1 |       |     1 ||     2
       Paralysed         |       |       |     6 |    11 |       ||    17
       Confused          |       |       |     1 |       |       ||     1
  Eat: Chunk             |     1 |    10 |    14 |     7 |       ||    32
       Ration            |       |       |     1 |     9 |     1 ||    11
Armor: Robe              |    36 |     9 |       |       |       ||    45
       Leather armour    |       |     4 |       |       |       ||     4
       Plate armour      |       |    53 |       |       |       ||    53
       Ring mail         |       |    18 |    81 |       |       ||    99
       Scale mail        |       |       |   116 |       |       ||   116
       Chain mail        |       |       |   116 |   508 |    35 ||   659
       Skin              |       |       |       |    13 |       ||    13
Dodge: Dodged            |    61 |    46 |   200 |   405 |    32 ||   744
Block: Buckler           |       |       |       |       |    10 ||    10
